TOP OF THE 1ST |
El Paso Chihuahuas batting - Pitching for Syracuse Chiefs : LHP Mike Tracy
|
Pitching: LHP Mike Tracy
|
|
Batting: LHB Angel Mejia
|
0-0: Ball 1-0: Ball 2-0: Ground out 6-3 (Groundball, 6, EV 88.1 MPH)
|
Batting: RHB Andy Sheridan
|
0-0: Ball 1-0: Ground out 3-1 (Groundball, 34S, EV 81.9 MPH)
|
Batting: SHB Adam Martin
|
0-0: Called Strike 0-1: Ball 1-1: Ball 2-1: Foul Ball, location: 2F 2-2: Ball 3-2: Strikes out swinging
|
Top of the 1st over - 0 runs, 0 hits, 0 errors, 0 left on base; El Paso 0 - Syracuse 0 |
BOTTOM OF THE 1ST |
Syracuse Chiefs batting - Pitching for El Paso Chihuahuas : RHP Bobby Mauk
|
Pitching: RHP Bobby Mauk
|
|
Batting: LHB Pat Aviles
|
0-0: Called Strike 0-1: Called Strike 0-2: Ball 1-2: Fly out, F6 (Popup, 6D, EV 52.5 MPH)
|
Batting: LHB Kyung-jin Cho
|
0-0: Ball 1-0: Called Strike 1-1: Foul Ball, location: 2F 1-2: Fly out, F7 (Flyball, 7D, EV 98.8 MPH)
|
Batting: RHB Donovan Auclair
|
0-0: Ball 1-0: Ball 2-0: Ball 3-0: Base on Balls
|
Batting: LHB Jae-ik Soung
|
0-0: Ball 1-0: Called Strike 1-1: Swinging Strike 1-2: Ball 2-2: Ball 3-2: Base on Balls Donovan Auclair to second
|
Batting: RHB Jim Miske
|
0-0: Called Strike 0-1: Called Strike 0-2: Strikes out swinging
|
Bottom of the 1st over - 0 runs, 0 hits, 0 errors, 2 left on base; El Paso 0 - Syracuse 0 |
TOP OF THE 2ND |
El Paso Chihuahuas batting - Pitching for Syracuse Chiefs : LHP Mike Tracy
|
Batting: RHB Danny Bunn
|
0-0: Called Strike 0-1: Ball 1-1: Foul Ball, location: 2F 1-2: Ball 2-2: Ball 3-2: Foul Ball, location: 2F 3-2: Ground out 5-3 (Groundball, 5S, EV 89.4 MPH)
|
Batting: RHB Mike Maserang
|
0-0: Foul Ball, location: 2F 0-1: Foul Ball, location: 2F 0-2: Ball 1-2: Reached on error, E5 (Groundball, 56, EV 100.0 MPH)
|
Batting: RHB Kiril Emeshin
|
0-0: Ball 1-0: Called Strike 1-1: Ball 2-1: Fly out, F7 (Flyball, 7, EV 92.5 MPH)
|
Batting: RHB Bobby Gulsby
|
0-0: SINGLE (Groundball, 4S, EV 96.9 MPH) Mike Maserang to third Runner from 3rd tries for Home, SAFE, throw by CF to home
|
Batting: RHB Dan Grable
|
0-0: Ball 1-0: Fielders Choice at 2nd, 5-4 (Groundball, 56, EV 86.2 MPH)
|
Top of the 2nd over - 1 run, 1 hit, 1 error, 1 left on base; El Paso 1 - Syracuse 0 |
BOTTOM OF THE 2ND |
Syracuse Chiefs batting - Pitching for El Paso Chihuahuas : RHP Bobby Mauk
|
Batting: LHB Tom Reynolds
|
0-0: Fly out, F7 (Line Drive, 7S, EV 104.4 MPH)
|
Batting: LHB Doug Anderson
|
0-0: Ball 1-0: Called Strike 1-1: Fly out, F6 (Popup, 6D, EV 60.6 MPH)
|
Batting: RHB Rafael Medina
|
0-0: Ball 1-0: Called Strike 1-1: Ball 2-1: Ball 3-1: Base on Balls
|
Batting: RHB John McNeill
|
0-0: Ball 1-0: Ball 2-0: Ball Rafael Medina is caught stealing 2nd base 2-4
|
Bottom of the 2nd over - 0 runs, 0 hits, 0 errors, 0 left on base; El Paso 1 - Syracuse 0 |
TOP OF THE 3RD |
El Paso Chihuahuas batting - Pitching for Syracuse Chiefs : LHP Mike Tracy
|
Batting: RHB Adam Noyes
|
0-0: Ground out 5-3 (Groundball, 5, EV 88.8 MPH)
|
Batting: LHB Angel Mejia
|
0-0: Called Strike 0-1: Ground out U3 (Groundball, 3, EV 85.0 MPH)
|
Batting: RHB Andy Sheridan
|
0-0: Ground out 6-3 (Groundball, 6M, EV 103.1 MPH)
|
Top of the 3rd over - 0 runs, 0 hits, 0 errors, 0 left on base; El Paso 1 - Syracuse 0 |
BOTTOM OF THE 3RD |
Syracuse Chiefs batting - Pitching for El Paso Chihuahuas : RHP Bobby Mauk
|
Batting: RHB John McNeill
|
0-0: Ball 1-0: Fly out, F7 (Flyball, 7LS, EV 87.5 MPH)
|
Batting: LHB Pat Aviles
|
0-0: Called Strike 0-1: Foul Ball, location: 2F 0-2: Fly out, F5 (Popup, 5SF, EV 81.9 MPH)
|
Batting: LHB Kyung-jin Cho
|
0-0: Called Strike 0-1: Swinging Strike 0-2: Foul Ball, location: 2F 0-2: Strikes out swinging passed ball, reaches first!
|
Batting: RHB Donovan Auclair
|
0-0: Called Strike Kyung-jin Cho steals 2nd base 0-1: Ball 1-1: Called Strike 1-2: Strikes out looking
|
Bottom of the 3rd over - 0 runs, 0 hits, 0 errors, 1 left on base; El Paso 1 - Syracuse 0 |
TOP OF THE 4TH |
El Paso Chihuahuas batting - Pitching for Syracuse Chiefs : LHP Mike Tracy
|
Batting: SHB Adam Martin
|
0-0: SINGLE (Line Drive, 9LS, EV 99.4 MPH)
|
Batting: RHB Danny Bunn
|
0-0: Ball 1-0: Foul Ball, location: 2F 1-1: Foul Ball, location: 2F 1-2: Foul Ball, location: 2F 1-2: DOUBLE (Line Drive, 89M, EV 93.1 MPH) Adam Martin to third
|
Pinch Runner at 2nd David Aguilar:
|
|
Batting: RHB Mike Maserang
|
0-0: Foul Ball, location: 2F 0-1: Fly out, F7 (Flyball, 7D, EV 87.5 MPH) Runner from 3rd tags up, SCORES, no throw by LF
|
Batting: RHB Kiril Emeshin
|
0-0: Called Strike 0-1: Swinging Strike 0-2: Strikes out swinging
|
Batting: RHB Bobby Gulsby
|
0-0: Called Strike 0-1: Ball 1-1: Foul Ball, location: 2F 1-2: Foul Ball, location: 2F 1-2: Ball Passed Ball! David Aguilar to third 2-2: Hit by Pitch
|
Batting: RHB Dan Grable
|
0-0: Ball 1-0: Foul Ball, location: 2F 1-1: Called Strike 1-2: Strikes out looking
|
Top of the 4th over - 1 run, 2 hits, 0 errors, 2 left on base; El Paso 2 - Syracuse 0 |
BOTTOM OF THE 4TH |
Syracuse Chiefs batting - Pitching for El Paso Chihuahuas : RHP Bobby Mauk
|
Now in RF: David Aguilar
|
|
Batting: LHB Jae-ik Soung
|
0-0: Ground out U3 (Groundball, 3L, EV 100.6 MPH)
|
Batting: RHB Jim Miske
|
0-0: Foul Ball, location: 2F 0-1: Ball 1-1: Foul Ball, location: 2F 1-2: Ground out 6-3 (Groundball, 6M, EV 90.0 MPH)
|
Batting: LHB Tom Reynolds
|
0-0: Foul Ball, location: 2F 0-1: Ground out U3 (Groundball, 3, EV 77.5 MPH)
|
Bottom of the 4th over - 0 runs, 0 hits, 0 errors, 0 left on base; El Paso 2 - Syracuse 0 |
TOP OF THE 5TH |
El Paso Chihuahuas batting - Pitching for Syracuse Chiefs : LHP Mike Tracy
|
Batting: RHB Adam Noyes
|
0-0: Called Strike 0-1: SINGLE (Groundball, 34S, EV 86.9 MPH) (infield hit)
|
Batting: LHB Angel Mejia
|
0-0: Ball 1-0: Called Strike 1-1: Swinging Strike 1-2: Strikes out swinging
|
Batting: RHB Andy Sheridan
|
0-0: Ball 1-0: Foul Ball, location: 2F 1-1: Ground out 6-3 (Groundball, 56, EV 103.8 MPH) Adam Noyes to second
|
Batting: SHB Adam Martin
|
0-0: Ground out 5-3 (Groundball, 56S, EV 88.1 MPH)
|
Top of the 5th over - 0 runs, 1 hit, 0 errors, 1 left on base; El Paso 2 - Syracuse 0 |
BOTTOM OF THE 5TH |
Syracuse Chiefs batting - Pitching for El Paso Chihuahuas : RHP Bobby Mauk
|
Batting: LHB Doug Anderson
|
0-0: Swinging Strike 0-1: Foul Ball, location: 2F 0-2: Strikes out swinging
|
Batting: RHB Rafael Medina
|
0-0: Called Strike 0-1: Ball 1-1: Ball 2-1: Swinging Strike 2-2: Strikes out swinging
|
Batting: RHB John McNeill
|
0-0: Ball 1-0: Ball 2-0: Ball 3-0: Called Strike 3-1: Base on Balls
|
Batting: LHB Pat Aviles
|
0-0: Called Strike 0-1: Ball John McNeill steals 2nd, throwing error, E2 John McNeill to third 1-1: Ball 2-1: Fly out, F8 (Flyball, 8LXD, EV 107.5 MPH)
|
Bottom of the 5th over - 0 runs, 0 hits, 1 error, 1 left on base; El Paso 2 - Syracuse 0 |
TOP OF THE 6TH |
El Paso Chihuahuas batting - Pitching for Syracuse Chiefs : LHP Mike Tracy
|
Batting: RHB David Aguilar
|
0-0: Called Strike 0-1: Ball 1-1: DOUBLE (Groundball, 3L, EV 101.2 MPH)
|
Batting: RHB Mike Maserang
|
0-0: Ball 1-0: Ball 2-0: Ball 3-0: Base on Balls
|
Batting: RHB Kiril Emeshin
|
0-0: Foul Ball, location: 2F 0-1: Ball 1-1: Ball 2-1: Ball 3-1: Foul Ball, location: 2F 3-2: Foul Ball, location: 2F 3-2: Strikes out swinging
|
Batting: RHB Bobby Gulsby
|
0-0: Ball 1-0: Called Strike 1-1: Foul Ball, location: 2F 1-2: Strikes out looking
|
Batting: RHB Dan Grable
|
0-0: Ground out 4-3 (Groundball, 4S, EV 83.1 MPH)
|
Top of the 6th over - 0 runs, 1 hit, 0 errors, 2 left on base; El Paso 2 - Syracuse 0 |
BOTTOM OF THE 6TH |
Syracuse Chiefs batting - Pitching for El Paso Chihuahuas : RHP Bobby Mauk
|
Batting: LHB Kyung-jin Cho
|
0-0: SINGLE (Line Drive, 56D, EV 97.5 MPH)
|
Batting: RHB Donovan Auclair
|
0-0: SINGLE (Groundball, 34S, EV 88.1 MPH) (infield hit) Kyung-jin Cho to second
|
Batting: LHB Jae-ik Soung
|
0-0: Ball 1-0: Ball 2-0: Foul Ball, location: 2F 2-1: Ball 3-1: Foul Ball, location: 2F 3-2: Foul Ball, location: 2F 3-2: Base on Balls Kyung-jin Cho to third Donovan Auclair to second
|
Batting: RHB Jim Miske
|
0-0: Swinging Strike 0-1: Ball 1-1: Ball 2-1: Ball 3-1: Called Strike 3-2: Foul Ball, location: 2F 3-2: SINGLE (Groundball, 6S, EV 67.5 MPH) (infield hit) Kyung-jin Cho scores Donovan Auclair to third Jae-ik Soung to second
|
Batting: LHB Tom Reynolds
|
0-0: Grounds into double play, 6-4-3 (Groundball, 6, EV 87.5 MPH) Donovan Auclair scores Jae-ik Soung to third
|
Batting: LHB Doug Anderson
|
0-0: Ball 1-0: Ball 2-0: Fly out, F9 (Line Drive, 9, EV 98.8 MPH)
|
Bottom of the 6th over - 2 runs, 3 hits, 0 errors, 1 left on base; El Paso 2 - Syracuse 2 |
TOP OF THE 7TH |
El Paso Chihuahuas batting - Pitching for Syracuse Chiefs : LHP Mike Tracy
|
Batting: RHB Adam Noyes
|
0-0: Foul Ball, location: 2F 0-1: Swinging Strike 0-2: Strikes out swinging
|
Batting: LHB Angel Mejia
|
0-0: Called Strike 0-1: Swinging Strike 0-2: Strikes out swinging
|
Batting: RHB Andy Sheridan
|
0-0: Foul Ball, location: 2F 0-1: Swinging Strike 0-2: Ball 1-2: SINGLE (Groundball, 56D, EV 96.2 MPH)
|
Pitching: LHP Mike Alcaraz
|
|
Batting: SHB Adam Martin
|
0-0: Ball 1-0: Called Strike 1-1: Ground out 4-3 (Groundball, 4, EV 85.0 MPH)
|
Top of the 7th over - 0 runs, 1 hit, 0 errors, 1 left on base; El Paso 2 - Syracuse 2 |
BOTTOM OF THE 7TH |
Syracuse Chiefs batting - Pitching for El Paso Chihuahuas : RHP Bobby Mauk
|
Batting: RHB Rafael Medina
|
0-0: SINGLE (Groundball, 6MD, EV 105.0 MPH)
|
Batting: RHB John McNeill
|
0-0: Called Strike Rafael Medina steals 2nd, throwing error, E2 Rafael Medina to third 0-1: Ball 1-1: Foul Ball, location: 2F 1-2: Ground out U3 (Groundball, 3, EV 103.8 MPH)
|
Pitching: LHP Steve Kenney
|
|
Pinch Hitting: RHB Steve Perez
|
0-0: Ball 1-0: Ball Wild Pitch! Rafael Medina scores 2-0: Ball 3-0: Called Strike 3-1: Foul Ball, location: 2F 3-2: Base on Balls
|
Batting: LHB Kyung-jin Cho
|
0-0: Ball 1-0: Swinging Strike 1-1: Swinging Strike 1-2: Strikes out swinging
|
Batting: RHB Donovan Auclair
|
0-0: Ball 1-0: Ball 2-0: Ball 3-0: Called Strike 3-1: Base on Balls Steve Perez to second
|
Batting: LHB Jae-ik Soung
|
0-0: Foul Ball, location: 2F 0-1: Ball 1-1: Swinging Strike 1-2: Foul Ball, location: 2F 1-2: Strikes out swinging
|
Bottom of the 7th over - 1 run, 1 hit, 1 error, 2 left on base; El Paso 2 - Syracuse 3 |
TOP OF THE 8TH |
El Paso Chihuahuas batting - Pitching for Syracuse Chiefs : LHP Mike Alcaraz
|
Now at 3B: Alex Ethridge
|
|
Batting: RHB David Aguilar
|
0-0: Ball 1-0: Called Strike 1-1: Ground out 4-3 (Groundball, 34, EV 87.5 MPH)
|
Batting: RHB Mike Maserang
|
0-0: Ball 1-0: Foul Ball, location: 2F 1-1: Ground out 6-3 (Groundball, 6, EV 81.2 MPH)
|
Batting: RHB Kiril Emeshin
|
0-0: Ball 1-0: Ball 2-0: Fly out, F9 (Flyball, 9D, EV 93.8 MPH)
|
Top of the 8th over - 0 runs, 0 hits, 0 errors, 0 left on base; El Paso 2 - Syracuse 3 |
BOTTOM OF THE 8TH |
Syracuse Chiefs batting - Pitching for El Paso Chihuahuas : LHP Steve Kenney
|
Batting: RHB Jim Miske
|
0-0: Ball 1-0: Foul Ball, location: 2F 1-1: Foul Ball, location: 2F 1-2: Foul Ball, location: 2F 1-2: Ball 2-2: SINGLE (Line Drive, 7S, EV 93.1 MPH)
|
Batting: LHB Tom Reynolds
|
0-0: Called Strike 0-1: Swinging Strike 0-2: Strikes out swinging
|
Batting: LHB Doug Anderson
|
0-0: Called Strike 0-1: Ball 1-1: Ball 2-1: Foul Ball, location: 2F 2-2: SINGLE (Line Drive, 78S, EV 95.6 MPH) Jim Miske to second
|
Batting: RHB Rafael Medina
|
0-0: Ball 1-0: Called Strike 1-1: Ball 2-1: Called Strike 2-2: Foul Ball, location: 2F 2-2: Ball 3-2: SINGLE (Line Drive, 7S, EV 98.8 MPH) Jim Miske to third Doug Anderson to second
|
Batting: RHB John McNeill
|
0-0: Ball 1-0: SINGLE (Groundball, 4, EV 108.8 MPH) (infield hit) Jim Miske scores Doug Anderson to third Rafael Medina to second
|
Batting: SHB Alex Ethridge
|
0-0: Ball 1-0: DOUBLE (Line Drive, 78XD, EV 105.0 MPH) Doug Anderson scores Rafael Medina scores John McNeill to third Runner from 3rd tries for Home, SAFE, throw by LF to home
|
Pitching: RHP Ethan Massey
|
|
Batting: LHB Kyung-jin Cho
|
0-0: Swinging Strike 0-1: SINGLE (Flyball, 8LS, EV 94.4 MPH) Alex Ethridge to third
|
Batting: RHB Donovan Auclair
|
0-0: Grounds into double play, 4-6-3 (Groundball, 4S, EV 86.2 MPH)
|
Bottom of the 8th over - 4 runs, 6 hits, 0 errors, 1 left on base; El Paso 2 - Syracuse 7 |
TOP OF THE 9TH |
El Paso Chihuahuas batting - Pitching for Syracuse Chiefs : LHP Mike Alcaraz
|
Batting: RHB Bobby Gulsby
|
0-0: Ball 1-0: Called Strike 1-1: Swinging Strike 1-2: Ball 2-2: SINGLE (Flyball, 8RS, EV 83.8 MPH)
|
Batting: RHB Dan Grable
|
0-0: Foul Ball, location: 2F 0-1: Called Strike 0-2: Strikes out swinging
|
Batting: RHB Adam Noyes
|
0-0: Swinging Strike 0-1: Ball 1-1: Ball 2-1: SINGLE (Groundball, P, EV 85.0 MPH) (infield hit) Bobby Gulsby to second
|
Batting: LHB Angel Mejia
|
0-0: Called Strike 0-1: Ball 1-1: Ball 2-1: Fly out, F4 (Popup, 34S, EV 75.0 MPH)
|
Batting: RHB Andy Sheridan
|
0-0: Ball 1-0: Fly out, F8 (Flyball, 8LS, EV 93.1 MPH)
|
Top of the 9th over - 0 runs, 2 hits, 0 errors, 2 left on base; El Paso 2 - Syracuse 7 |
|